AoeStats
← Santi Povs

Arena

509997749Analyzed
4v4 RM · 3d ago on Sep 29, 2026· 46m 42s· 8 players
Game mode
Random Map
Map size
Large (8 player)
Population
200
Speed
Normal
Resources
Standard
Victory
Conquest
Starting age
Dark Age
Ending age
Imperial Age
RankedLock teamsTeams togetherTeam positionsShared explorationLock speedFull tech treeHidden civsTurbo modeCheats
Victory
Defeat
🇨🇴 Danes · Colombia
980
+13
🇨🇴 Varangians · Colombia
938
+14
🇷🇺 Khmer · Russia
932
+15
🇨🇴 Romans · Colombia
891
+16
🇺🇸 Mongols · United States
940
-16
🇨🇴 Italians · Colombia
915
-15
🇲🇽 Saracens · Mexico
889
-14
🇲🇽 Hindustanis · Mexico
869
-13
Deivid7201
11:32 Feudal Age
17:34 Castle Age
17:35 Double-Bit Axe
17:33 Horse Collar
17:45 Gold Mining
17:47 Stone Mining
26:39 Wheelbarrow
28:48 Imperial Age
27:43 Hand Cart
27:49 Fortified Wall
28:01 Ballistics
27:04 Elite Skirmisher
27:54 Heavy Plow
28:09 Bow Saw
30:38 Chemistry
32:25 Siege Engineers
34:18 Shatagni
34:39 Conscription
37:58 Pikeman
42:29 Onager
43:26 Squires
44:15 Murder Holes
44:49 Scale Barding Armor
44:52 Man-at-Arms
donoban.ramirez
0:26 Loom
10:52 Feudal Age
16:10 Castle Age
14:20 Double-Bit Axe
14:18 Horse Collar
17:16 Gold Mining
18:15 Bow Saw
19:12 Heavy Plow
21:56 Wheelbarrow
21:11 Elite Skirmisher
22:45 Stone Mining
23:53 Forging
25:33 Fletching
26:15 Bodkin Arrow
27:03 Gold Shaft Mining
26:46 Hand Cart
27:32 Padded Archer Armor
28:07 Scale Mail Armor
27:32 Pikeman
28:12 Squires
27:57 Arson
28:29 Leather Archer Armor
28:36 Town Watch
29:19 Chain Mail Armor
30:34 Iron Casting
30:45 Ballistics
31:44 Scale Barding Armor
33:50 Chain Barding Armor
36:37 Imperial Age
34:02 Light Cavalry
34:52 Bloodlines
34:43 Husbandry
35:00 Town Patrol
36:00 Thumb Ring
36:13 Nomads
37:44 Parthian Tactics
36:40 Heavy Cavalry Archer
36:46 Heavy Cavalry Archer
38:27 Bracer
40:52 Chemistry
40:12 Thumb Ring
41:40 Conscription
reyangel141
11:17 Feudal Age
12:47 Wheelbarrow
15:28 Castle Age
14:22 Double-Bit Axe
21:28 Bow Saw
21:14 Horse Collar
24:10 Gold Mining
25:30 Forging
26:09 Hand Cart
26:07 Loom
26:08 Town Watch
28:09 Town Patrol
29:29 Scale Barding Armor
29:59 Iron Casting
29:46 Heavy Plow
33:23 Imperial Age
31:09 Fletching
32:11 Gold Shaft Mining
31:30 Stone Mining
32:29 Caravan
33:03 Bloodlines
32:54 Husbandry
33:24 Onager
34:59 Conscription
34:50 Counterweights
35:59 Two-Man Saw
36:20 Chemistry
35:41 Ballistics
35:27 Siege Engineers
35:37 Bodkin Arrow
36:00 Siege Onager
37:41 Bracer
38:02 Chain Barding Armor
37:29 Pikeman
38:04 Elite Mameluke
40:42 Gambesons
40:58 Squires
George_Carse
0:29 Loom
10:55 Feudal Age
16:14 Castle Age
14:45 Double-Bit Axe
15:20 Horse Collar
19:08 Fervor
21:11 Sanctity
22:53 Pikeman
29:22 Wheelbarrow
28:33 Town Watch
33:20 Imperial Age
32:03 Fletching
32:14 Padded Archer Armor
32:53 Forging
32:44 Scale Mail Armor
32:50 Scale Barding Armor
32:41 Bodkin Arrow
34:40 Conscription
35:05 Hoardings
35:42 Chemistry
35:10 Fortified Wall
35:21 Ballistics
34:42 Treadmill Crane
34:57 Murder Holes
35:13 Masonry
35:34 Hand Cart
35:19 Town Patrol
35:38 Bow Saw
37:16 Leather Archer Armor
37:02 Bracer
37:37 Iron Casting
39:23 Chain Barding Armor
39:19 Chain Mail Armor
39:53 Light Cavalry
40:43 Bloodlines
40:34 Husbandry
41:57 Hussar
NickyCash
10:40 Feudal Age
8:57 Loom
14:44 Castle Age
12:52 Horse Collar
14:09 Double-Bit Axe
14:21 Gold Mining
15:11 Stone Mining
26:59 Heavy Plow
30:48 Imperial Age
29:07 Ballistas
29:01 Murder Holes
30:10 Bow Saw
30:40 Gold Shaft Mining
32:47 Conscription
32:10 Capped Ram
33:55 Chemistry
33:38 Wheelbarrow
32:49 Town Watch
33:34 Caravan
35:11 Hand Cart
35:00 Town Patrol
35:42 Heavy Scorpion
37:07 Husbandry
37:17 Bloodlines
36:31 Light Cavalry
38:49 Crop Rotation
39:26 Siege Engineers
39:31 Scale Barding Armor
39:37 Forging
44:34 Siege Ram
47:56 Iron Casting
El Ogro
11:21 Feudal Age
12:51 Loom
15:43 Castle Age
16:22 Wheelbarrow
15:35 Double-Bit Axe
18:14 Gambesons
19:41 Horse Collar
26:37 Bow Saw
26:31 Heavy Plow
26:58 Scale Mail Armor
31:17 Imperial Age
30:18 Forging
32:00 Iron Casting
32:17 Hand Cart
32:37 Bloodlines
32:53 Cavalier
34:12 Scale Barding Armor
34:51 Gothikon
36:26 Conscription
36:32 Ballistics
36:20 Siege Engineers
36:44 Elite Varangian Guard
38:34 Blast Furnace
37:51 Chain Mail Armor
38:19 Fletching
39:04 Gold Mining
40:30 Chain Barding Armor
44:58 Town Watch
45:47 Crop Rotation
45:36 Arson
46:27 Plate Mail Armor
KOMMEPCAHT
11:40 Feudal Age
12:55 Double-Bit Axe
16:41 Castle Age
14:41 Horse Collar
16:28 Wheelbarrow
19:08 Hand Cart
21:44 Loom
24:04 Bow Saw
25:40 Heavy Plow
25:31 Gold Mining
25:32 Stone Mining
26:19 Ballistics
26:54 Gold Shaft Mining
26:54 Stone Shaft Mining
27:02 Husbandry
27:36 Scale Barding Armor
27:42 Forging
31:16 Imperial Age
29:33 Chain Barding Armor
29:29 Bloodlines
30:35 Iron Casting
29:27 Light Cavalry
31:25 Heavy Scorpion
32:29 Conscription
31:43 Hussar
33:07 Double Crossbow
34:16 Chemistry
34:02 Capped Ram
37:32 Fletching
40:56 Siege Ram
43:36 Siege Engineers
43:43 Fortified Wall
45:19 Plate Barding Armor
45:45 Blast Furnace
Santi Povs
10:23 Feudal Age
14:08 Castle Age
12:45 Double-Bit Axe
15:21 Bow Saw
22:32 Gold Mining
26:59 Imperial Age
24:51 Forging
24:52 Loom
25:42 Wheelbarrow
24:53 Town Watch
25:47 Scale Barding Armor
25:49 Scale Mail Armor
25:58 Town Watch
27:12 Hand Cart
27:22 Chain Mail Armor
26:59 Horse Collar
29:30 Iron Casting
29:40 Gold Shaft Mining
29:13 Heavy Plow
30:18 Plate Mail Armor
30:09 Squires
30:03 Gambesons
30:28 Elite Varangian Guard
33:08 Heavy Scorpion
33:19 Capped Ram
34:30 Hamask
34:50 Onager
38:43 Siege Onager
38:46 Siege Ram
44:56 Elite Jomsviking
47:05 Chemistry
46:11 Siege Engineers
Connection lost

Rejoining the realm…

Still unreachable

The connection could not be restored.

Session expired

The server has moved on; the page needs a fresh start.